 Dungeon Crawl Stone Soup version 0.31-a0-819-gf6de2f5ab6 (webtiles) character file.

Game seed: 11218672299279291758

2819 Leeroy the Mimic (level 9, -6/59 HPs)
             Began as a Merfolk Shapeshifter on Sept 23, 2023.
             Mangled by an orc warrior
             ... wielding a +0 war axe
              (18 damage)
             ... in a bailey.
             The game lasted 00:14:34 (5252 turns).

Leeroy the Mimic (Merfolk Shapeshifter)             Turns: 5252, Time: 00:14:34

Health: -6/59      AC:  2    Str: 18    XL:     9   Next: 72%
Magic:  9/9        EV: 18    Int: 10    God:
Gold:   351        SH:  0    Dex: 13    Spells: 8/8 levels left

rFire   . .          .
                       - Unarmed
rCold   . . .        (no shield)
rNeg    . . .        x - melded +3 ring mail of the Skiapode {rPois rF+ Int+3}
rPois   .            t - +0 helmet
rElec   .            (no cloak)
rCorr   .            (no gloves)
SInv    .            s - +0 pair of boots
Will    +....        (no amulet)
Stlth   +            A - +5 ring of evasion
HPRegen 0.29/turn    F - ring of willpower
MPRegen 0.11/turn

%: no passive effects
@: maw-form, on berserk cooldown, slowed, very slow
A: devouring maw, (nimble swimmer 2), mertail
a: Begin Untransformation


You were in a bailey.
You were a creature with a mouth for a stomach.
You visited 2 branches of the dungeon, and saw 8 of its levels.
You also visited: Bailey.

You collected 351 gold pieces.

Inventory:

Hand Weapons
 n - a +0 whip of freezing
Missiles
 j - 20 poisoned darts (quivered)
 p - 12 curare-tipped darts
 N - 4 datura-tipped darts
Armour
 a - a +0 animal skin
 l - a scarf of harm
 s - a +0 pair of boots (worn)
 t - a +0 helmet (worn)
 x - the +3 ring mail of the Skiapode (melded) {rPois rF+ Int+3}
   (You found it on level 3 of the Dungeon)

   Int+3:     It affects your intelligence (+3).
   rF+:       It protects you from fire.
   rPois:     It protects you from poison
Jewellery
 y - an amulet of faith
 A - a +5 ring of evasion (left hand)
 E - a ring of fire
 F - a ring of willpower (right hand)
 H - a ring of wizardry
Talismans
 c - a beast talisman
 d - a flux talisman
 v - a maw talisman (active)
Wands
 L - a wand of flame (20)
Scrolls
 f - a scroll of acquirement {unknown}
 g - 2 scrolls of poison
 h - a scroll of blinking {unknown}
 k - a scroll of fog {unknown}
 o - a scroll of revelation
 q - 4 scrolls of teleportation
 r - a scroll of enchant armour
 u - a scroll of vulnerability
 C - a scroll of fear {unknown}
 I - 2 scrolls of enchant weapon
 K - a scroll of immolation
 M - a scroll of identify
Potions
 b - a potion of lignification
 e - 2 potions of degeneration {unknown}
 i - a potion of brilliance {unknown}
 m - 2 potions of haste {unknown}
 w - 2 potions of curing
 z - a potion of resistance
 B - 2 potions of heal wounds {unknown}
 D - 3 potions of attraction {unknown}
 G - 2 potions of mutation {unknown}
 J - a potion of magic {unknown}


   Skills:
 - Level 1.1 Fighting
 - Level 5.0 Dodging
 - Level 9.8 Unarmed Combat
 + Level 11.9 Shapeshifting


You had 8 spell levels left.
You didn't know any spells.
Your spell library contained the following spells:

 Spells                   Type           Power      Damage    Failure   Level
 Freeze                   Ice            0%         1d3       36%         1
 Scorch                   Fire           0%         2d5       50%         2
 Frozen Ramparts          Ice            0%         1d1       75%         3
 Hailstorm                Conj/Ice       0%         3d3       75%         3
 Flame Wave               Conj/Fire      0%         2d4       98%         4
 Summon Cactus Giant      Summ           0%         N/A       100%        6


Dungeon Overview and Level Annotations

Branches:
Dungeon (7/15)             Temple (1/1) D:4          Bailey (1/1)

Altars:
Cheibriados
Dithmenos
Elyvilon
Fedhas
Hepliaklqana
Nemelex Xobeh
Qazlal
Ru
Sif Muna
Uskayaw
Vehumet
Xom
Zin

Annotations:
D:4 Blork the orc
D:5 2 transporters, 3 runed translucent doors, yegreS's ghost, novice MiFi


Innate Abilities, Weirdness & Mutations

You are a creature with a mouth for a stomach.
Your midsection houses a second, enormous mouth.
((You are very nimble when in or above water. (Stealth+, EV+, Speed+++)))
Your lower body shifts to a powerful aquatic tail in water.


Message History

You feel sick.
The kobold brigand hits you with a +0 war axe!
Items here: ( )) [.
You closely miss the kobold brigand. You bite the kobold brigand!
The kobold brigand is moderately wounded.
You feel sick.
The kobold brigand hits you with a +0 war axe!
You barely miss the kobold brigand. You bite the kobold brigand!
The kobold brigand is moderately wounded.
You feel sick. The kobold brigand closely misses you.
You completely miss the kobold brigand. You punch the kobold brigand.
You bite the kobold brigand!
The kobold brigand is heavily wounded.
You feel sick.
The kobold brigand hits you with a +0 war axe!
You closely miss the kobold brigand. Your bite misses the kobold brigand.
The kobold brigand is heavily wounded.
The kobold brigand misses you.
You closely miss the kobold brigand.
The kobold brigand is heavily wounded.
You are no longer berserk.
You are exhausted.
You feel yourself slow down.
You feel sick.
The kobold brigand hits you with a +0 war axe.
You punch the kobold brigand!
You kill the kobold brigand!
You feel sick. The kobold brigand barely misses you.
You hit the kobold brigand.
The kobold brigand is heavily wounded.
You feel sick.
You closely miss the orc warrior.
The orc warrior is lightly wounded.
You feel sick. The kobold brigand barely misses you.
The orc warrior hits you with a +0 war axe!
* * * LOW HITPOINT WARNING * * *
Okay, then.
It was a potion of curing.
You feel better. The kobold brigand closely misses you.
The orc warrior hits you with a +0 war axe!!
You die...

##~......K~##
###~~.......~~#####
...~~.......~~....#
###~~.......~~###.#
...~~.......~~....#
###~~.......~ยง###.#
...~~.......~K...K#
###~~.......~~###o#
...~~.......~~..WK#
###~~.....(.~~###.#
...~~.......~~....#
###~~...)...~~#####
##~..)(...~##
####().#### #().#
#...# #...#


You could see an orc warrior (strong) and 2 kobold brigands.

Vanquished Creatures
  Pikel (D:4)
  An orc knight (Bailey)
  Grinder (D:4)
  Edmund (D:6)
  2 water moccasins
  An orc warrior (Bailey)
  A black bear (D:5)
  A centaur (D:6)
  2 ogres (D:5)
  A lemure (D:4)
  5 kobold brigands (Bailey)
  A gnoll sergeant (D:7)
  2 scorpions
  A howler monkey (D:6)
  A jelly (D:6)
  A gnoll bouda (D:6)
  An orc priest (D:7)
  4 iguanas
  An orc wizard (D:7)
  4 adders
  6 gnolls
  A shadow imp (D:5)
  A white imp (D:7)
  2 worms
  2 dart slugs
  3 orcs
  4 ball pythons
  4 endoplasms
  2 giant cockroaches
  4 goblins
  4 hobgoblins
  2 jackals (D:4)
  17 kobolds
  3 quokkas
  4 bats
  2 frilled lizards
  6 rats
100 creatures vanquished.

Notes
Turn   | Place    | Note
-------+----------+-------------------------------------------
     0 | D:1      | Leeroy the Merfolk Shapeshifter began the quest for the
                  | Orb.
     0 | D:1      | Reached XP level 1. HP: 15/15 MP: 1/1
   245 | D:1      | Reached XP level 2. HP: 21/21 MP: 2/2
   834 | D:2      | Reached XP level 3. HP: 23/26 MP: 3/3
  1008 | D:2      | Reached skill level 5 in Dodging
  1560 | D:3      | Reached XP level 4. HP: 31/32 MP: 4/4
  1567 | D:3      | Identified the +3 ring mail of the Skiapode {rPois rF+
                  | Int+3}
  1630 | D:3      | Found a sacrificial altar of Ru.
  1929 | D:4      | Found a staircase to the Ecumenical Temple.
  1938 | Temple   | Entered the Ecumenical Temple
  1952 | D:4      | Noticed Grinder
  1962 | D:4      | Noticed Pikel
  1962 | D:4      | Noticed a lemure
  1966 | D:4      | Killed Grinder
  1966 | D:4      | Noticed a lemure
  1967 | D:4      | Reached skill level 7 in Shapeshifting
  1967 | D:4      | Reached XP level 5. HP: 37/37 MP: 5/5
  1967 | D:4      | Reached XP level 6. HP: 43/43 MP: 6/6
  2009 | D:4      | Killed Pikel
  2010 | D:4      | Reached skill level 10 in Shapeshifting
  2010 | D:4      | Reached XP level 7. HP: 14/48 MP: 7/7
  2420 | D:4      | Noticed Blork the orc
  2485 | D:5      | Entered Level 5 of the Dungeon
  2523 | D:5      | Found a blossoming altar of Fedhas.
  2542 | D:5      | Reached XP level 8. HP: 43/54 MP: 8/8
  2717 | D:5      | Found a transporter.
  2940 | D:5      | Reached skill level 5 in Unarmed Combat
  3021 | D:5      | Found a radiant altar of Vehumet.
  3031 | D:5      | Noticed yegreS's ghost (novice MiFi)
  3074 | D:5      | Found a transporter.
  3095 | D:5      | Found a runed translucent gate.
  3095 | D:5      | Found a runed translucent gate.
  3096 | D:5      | Found a runed translucent gate.
  4306 | D:6      | Noticed Edmund
  4321 | D:6      | Killed Edmund
  4322 | D:6      | Reached XP level 9. HP: 41/59 MP: 9/9
  4558 | D:6      | Found a shadowy altar of Dithmenos.
  4910 | D:7      | Found a flagged portal.
  4919 | Bailey   | Entered a bailey
  5205 | Bailey   | Noticed an orc knight
  5242 | Bailey   | Killed an orc knight
  5243 | Bailey   | Reached skill level 11 in Shapeshifting
  5251 | Bailey   | HP: 1/59 [orc warrior/+0 war axe (17)]
  5252 | Bailey   | Mangled by an orc warrior

Illustrated notes

Levels and vault maps discovered:
D:1:      saegor_arrival_simple_d, layout_basic, dreamdust_wishing_well,
          minivault_14
D:2:      minmay_general_purpose_star, layout_rooms
D:3:      layout_basic, mainiacjoe_overflow_chevrons,
          amcnicky_mini_corridor_feature
D:4:      layout_rooms, temple_pool_b, uniq_crazy_yiuf_cottage, uniq_pikel,
          uniq_grinder, uniq_blork_the_orc
D:5:      gammafunk_cloud_chamber, layout_basic, mainiacjoe_overflow_alcove_4,
          lemuel_tele_altar, gammafunk_ghost_split
D:6:      layout_cave_pools, kennysheep_diamond, kennysheep_cluttered_room,
          minivault_24, uniq_edmund
D:7:      layout_layer_cave, okawaru_gym_becter, enter_bailey_8
Temple:   hellmonk_temple_flake
Bailey:   bailey_axe_3, bailey

Skill      XL: |  1  2  3  4  5  6  7  8  9 |
---------------+----------------------------+-----
Dodging        | 3 4 5 |  5.0
Shapeshifting  | 7 10 11 | 11.9
Unarmed Combat | 4 8 9 |  9.8
Fighting       | |  1.1

Action                     |  1- 3 |  4- 6 |  7- 9 || total
---------------------------+-------+-------+-------++-------
  Melee: Unarmed           |    93 |    37 |   184 ||   314
         Punch             |     4 |       |     4 ||     8
         Tailslap          |       |     7 |       ||     7
         Maw               |       |       |    64 ||    64
  Throw: Dart              |       |     2 |    14 ||    16
  Evoke: Wand              |       |     5 |     2 ||     7
    Use: Potion            |       |       |     3 ||     3
         Scroll            |       |       |     7 ||     7
   Stab: Sleeping          |     1 |       |       ||     1
 Armour: Animal skin       |    33 |       |       ||    33
         Ring mail         |       |    16 |     2 ||    18
         Skin              |       |       |    81 ||    81
  Dodge: Dodged            |    53 |    15 |   165 ||   233
   Form: Maw               |       |       |     1 ||     1

Table legend: (Time is in decaauts)
 A = Elapsed time spent in this place.
 B = Non-inter-level travel time spent in this place.
 C = Inter-level travel time spent in this place.
 D = Time resting spent in this place.
 E = Time spent auto-exploring this place.
 F = Levels seen in this place.
 G = Mean time per level.
                   A        B        C        D        E       F      G
               +--------+--------+--------+--------+--------+-----+--------+
         Total |   5193 |   5021 |    172 |    862 |   3215 |   9 |  577.0 |
       Dungeon |   4866 |   4694 |    172 |    679 |   3191 |   7 |  695.1 |
        Temple |     11 |     11 |      0 |      0 |      0 |   1 |   11.0 |
        Bailey |    315 |    315 |      0 |    183 |     24 |   1 |  315.0 |
               +--------+--------+--------+--------+--------+-----+--------+

Top non-repeatable levels by time:
     D:6: 1403 daAuts
     D:5: 819 daAuts
     D:1: 751 daAuts
     D:3: 671 daAuts
     D:2: 528 daAuts
     D:4: 496 daAuts
  Bailey: 315 daAuts
     D:7: 196 daAuts
  Temple: 11 daAuts
